AoeStats
← Samurai

Nomad

507907139Analyzed
3v3 RM · 13d ago on Sep 20, 2026· 58m 59s· 6 players
Game mode
Random Map
Map size
210×210
Population
200
Speed
Normal
Resources
Standard
Victory
Conquest
Starting age
Dark Age
Ending age
Imperial Age
RankedLock teamsTeams togetherTeam positionsShared explorationLock speedFull tech treeHidden civsTurbo modeCheats
Victory
Defeat
🇦🇷 Gurjaras · Argentina
852
+11
🇦🇷 Vietnamese · Argentina
791
+14
🇦🇷 Mongols · Argentina
768
+15
🇦🇷 Huns · Argentina
752
-14
🇦🇷 Huns · Argentina
743
-13
🇦🇷 Malay · Argentina
742
-13
Samurai
15:54 Feudal Age
18:42 Double-Bit Axe
19:38 Loom
20:14 Horse Collar
38:13 Castle Age
38:38 Fishing Lines
39:52 Gillnets
40:44 Wheelbarrow
42:05 Hand Cart
42:38 Pikeman
43:20 Squires
43:07 Arson
43:50 Medium Warships
47:09 Gold Mining
fitotolaba
10:21 Loom
17:10 Feudal Age
16:52 Double-Bit Axe
16:52 Horse Collar
20:08 Town Watch
23:02 Wheelbarrow
23:59 Forging
28:14 Castle Age
27:29 Pikeman
32:42 Stone Mining
36:32 Bow Saw
36:40 Heavy Plow
39:48 Light Cavalry
40:13 Elite Skirmisher
43:29 Gold Mining
46:14 Fletching
47:10 Iron Casting
52:24 Bodkin Arrow
52:38 Treadmill Crane
--MT--
2:58 Loom
16:48 Feudal Age
18:21 Man-at-Arms
19:23 Scale Mail Armor
19:33 Forging
20:26 Double-Bit Axe
25:14 Horse Collar
49:46 Wheelbarrow
Midjuan
15:17 Feudal Age
17:19 Bloodlines
24:53 Castle Age
26:16 Scale Barding Armor
26:13 Scale Mail Armor
29:02 Loom
33:18 Husbandry
35:51 Chain Barding Armor
35:47 Chain Mail Armor
50:02 Imperial Age
51:11 Cavalier
59:12 Plate Barding Armor
59:08 Plate Mail Armor
fisg0n m0rb0s0n
7:43 Loom
18:28 Feudal Age
19:10 Fishing Lines
24:04 Double-Bit Axe
24:36 Horse Collar
27:30 Castle Age
26:40 Stone Mining
27:10 Gold Mining
28:10 Forging
29:28 Padded Archer Armor
31:53 Fletching
39:13 Thumb Ring
41:28 Gold Shaft Mining
43:02 Town Watch
44:23 Stone Shaft Mining
44:36 Bodkin Arrow
45:25 Leather Archer Armor
50:11 Bow Saw
50:49 Iron Casting
50:11 Bodkin Arrow
56:40 Imperial Age
57:18 Ballistics
57:23 Elite Mangudai
Yonofui
15:45 Feudal Age
17:05 Wheelbarrow
18:37 Bloodlines
18:34 Fishing Lines
19:47 Double-Bit Axe
20:33 Scale Barding Armor
22:25 Forging
25:53 Fletching
26:03 Padded Archer Armor
28:29 Castle Age
33:42 Castle Age
37:15 Bow Saw
37:27 Crossbowman
38:11 Husbandry
43:06 Gillnets
47:32 Hand Cart
48:05 Loom
51:49 Imperial Age
49:08 Treadmill Crane
51:23 Scale Mail Armor
52:05 Ballistics
51:55 Masonry
53:16 Thumb Ring
54:23 Chemistry
53:11 Town Watch
54:11 Conscription
56:05 Kshatriyas
Connection lost

Rejoining the realm…

Still unreachable

The connection could not be restored.

Session expired

The server has moved on; the page needs a fresh start.